 Dungeon Crawl Stone Soup version 0.19-a0-998-gfd37873 (webtiles) character file.

60369 zxkuqyb the Cleaver (level 14, -23/92 HPs)
             Began as a Gargoyle Berserker on July 17, 2016.
             Was a High Priest of Trog.
             Annihilated by an ettin
             ... wielding a +0 dire flail
              (29 damage)
             ... on level 1 of the Orcish Mines.
             The game lasted 01:51:41 (16468 turns).

zxkuqyb the Cleaver (Gargoyle Berserker)           Turns: 16468, Time: 01:51:42

Health: -23/92     AC: 33    Str: 37    XL:     14   Next: 99%
Magic:  6/6        EV: 11    Int:  8    God:    Trog [*****.]
Gold:   1447       SH:  2    Dex: 15    Spells: 0 memorised, 13 levels left

rFire  . . .     SeeInvis .     N - +3 battleaxe (antimagic)
rCold  . . .     Gourm    .     G - +3 chain mail of Elitism {*Contam Str+9}
rNeg   + . .     Faith    .     (shield currently unavailable)
rPois  ∞         Spirit   .     (no helmet)
rElec  +         Dismiss  .     B - +0 cloak
rCorr  .         Reflect  .     I - +1 pair of gloves
SustAt .         Harm     .     J - +1 pair of boots
MR     +....                    l - amulet of regeneration
Stlth  ..........               F - +2 ring of dexterity
                                j - +6 ring of strength

@: somewhat resistant to hostile enchantments, extremely unstealthy
A: big wings, large bone plates 1, negative energy resistance 1, electricity
resistance, unbreathing, petrification resistance, rot immunity, AC +9
a: Fly, Berserk, Trog's Hand, Brothers in Arms, Burn Spellbooks, Renounce
Religion


You were on level 1 of the Orcish Mines.
You worshipped Trog.
Trog was extremely pleased with you.
You were very hungry.

You visited 4 branches of the dungeon, and saw 20 of its levels.
You also visited: Labyrinth.

You collected 1447 gold pieces.

Inventory:

Hand Weapons
 N - a +3 antimagic battleaxe (weapon)
 Z - a +1 morningstar of freezing
Missiles
 u - 5 silver javelins (quivered)
Armour
 B - a +0 cloak (worn)
 G - the +3 chain mail of Elitism (worn) {*Contam Str+9}
   (You found it on level 4 of the Dungeon)

   It affects your strength (+9).
   It causes magical contamination when unequipped.
 I - a +1 pair of gloves (worn)
 J - a +1 pair of boots (worn)
Rods
 b - a +3 iron rod (11/11)
   (You took it off a minotaur in a labyrinth)
Jewellery
 d - the ring of the First Eyes {rF+ MR+}
   (You acquired it on level 5 of the Lair of Beasts)

   [ring of protection from magic]

   It protects you from fire.
   It affects your resistance to hostile enchantments.
 j - a +6 ring of strength (left hand)
 l - an amulet of regeneration (around neck)
 s - an uncursed ring of resist corrosion
 y - an uncursed ring of ice
 A - an uncursed amulet of the gourmand {unknown}
 F - a +2 ring of dexterity (right hand)
 W - an uncursed ring of see invisible
Wands
 a - a wand of random effects (17/48)
 m - a wand of acid (8/15)
 D - a wand of iceblast (5/15)
 E - a wand of confusion (29/48)
 K - a wand of disintegration (9/24)
 O - a wand of lightning (8/15)
 U - a wand of lightning (1/15)
 V - a wand of heal wounds (6/9)
 X - a wand of digging (12/24)
Scrolls
 k - 5 scrolls of remove curse
 o - 5 scrolls of enchant armour
 p - 2 scrolls of immolation
 q - a scroll of acquirement
 w - a scroll of blinking
 x - 2 scrolls of fog
 z - a scroll of enchant weapon
 C - 5 scrolls of teleportation
 Q - a scroll of fear
 R - 3 scrolls of recharging
 T - a scroll of identify
Potions
 e - 5 potions of heal wounds
 f - 4 potions of flight
 n - 2 potions of brilliance
 r - 6 potions of curing
 t - 4 potions of berserk rage
 v - 2 potions of invisibility
 H - 2 potions of haste
 L - a potion of cancellation
 M - a potion of ambrosia
 P - a potion of agility
 S - a potion of might
 Y - 3 potions of cure mutation
Comestibles
 c - 15 bread rations
 g - 19 fruits
 h - 10 royal jellies
 i - 11 meat rations


   Skills:
 * Level 12.8 Fighting
 + Level 14.4 Axes
 + Level 12.2 Armour
 + Level 9.8 Dodging
 + Level 5.9 Evocations


You had 13 spell levels left.
You didn't know any spells.

Dungeon Overview and Level Annotations

Branches:
Dungeon (12/15)            Temple (1/1) D:5            Lair (6/6) D:11
 Shoals (0/4) Lair:4       Spider (0/4) Lair:4        Slime (0/5) Lair:6
    Orc (1/2) D:12

Altars:
Ashenzari
Cheibriados
Dithmenos
Hepliaklqana
Kikubaaqudgha
Makhleb
Nemelex Xobeh
Pakellas
Ru
Sif Muna
Trog
Uskayaw
The Shining One
Beogh
Jiyva

Shops:
D:7 [:[

Annotations:
D:2 1 exclusion
D:3 1 exclusion
D:4 1 exclusion
D:5 1 exclusion
D:6 1 exclusion
D:7 1 exclusion
D:8 1 exclusion
D:9 1 exclusion
D:10 1 exclusion
D:11 1 exclusion
D:12 1 exclusion


Innate Abilities, Weirdness & Mutations

You are resistant to torment.
Your stone body is resilient. (AC +9)
You are immune to poison.
Your large and strong wings let you fly indefinitely.
You resist negative energy. (rN+)
You are resistant to electric shocks. (rElec)
You can survive without breathing.
You are immune to petrification.
You are immune to rotting.
You are partially covered in large bone plates. (AC +2, SH +2)


Message History

There is a staircase back to the Dungeon here.
There is a staircase back to the Dungeon here.
You swing at nothing.
You swing at nothing.
You swing at nothing.
You slice the ettin!!
The ettin is heavily wounded.
The orc warrior closely misses you.
The ettin hits you with a dire flail!! x2; The orc warrior barely misses you.
You slice the ettin!!
The ettin is severely wounded.
You closely miss the orc warrior. The ettin hits you with a dire flail!
The ettin completely misses you. The orc warrior barely misses you.
Unknown command.
The ettin hits you with a dire flail!!
* * * LOW HITPOINT WARNING * * *
The ettin hits you but does no damage. You block the orc warrior's attack.
There is a staircase back to the Dungeon, spattered with blood here.
The ettin hits you with a dire flail!!
You die...

.$$...##
........#
#.......#
.....#...
._..#...#
.....#..##
.........#
.......C@##
......o...#
...$.....##
.......#.#
..........
...#.....##
..........
......_...
...... ...


You could see an ettin and an orc warrior.

Vanquished Creatures
  The ghost of Warped the Severer, a journeyman DrBe of Trog (Lair:6)
  Nessos (Lair:5)
  The ghost of rageheart7 the Cruncher, a journeyman DsGl of Qazlal (Lair:4)
  Snorg (D:11)
  A minotaur (Lab)
  7 hydras
  2 centaur warriors
  Erica (D:8)
  3 death yaks (Lair:4)
  A tengu warrior (D:10)
  Sonja (Lair:1)
  8 skeletal warriors (D:12)
  4 unseen horrors
  4 hill giants
  A lindwurm (Lair:6)
  An ugly thing (D:12)
  A cyclops (D:11)
  A manticore (D:11)
  8 elephants (Lair:6)
  A centaur zombie (D:12)
  2 black mambas
  19 spiny frogs
  7 komodo dragons
  A rime drake (Lair:3)
  3 kobold demonologists
  A meliai (D:10)
  3 jumping spiders (Lair:4)
  A merfolk (Lair:4)
  3 trolls
  4 giant leeches (Lair:6)
  A queen bee (D:9)
  A polar bear (Lair:4)
  8 blink frogs (Lair:6)
  4 redbacks (Lair:4)
  The ghost of Thraspic the Conjurer, an amateur TeCj (D:4)
  A wraith (D:12)
  A vampire (D:10)
  A basilisk (Lair:3)
  31 yaks
  A hippogriff (shapeshifter) (D:11)
  A wyvern (D:12)
  A hungry ghost (D:10)
  4 vampire mosquitoes (Lair:6)
  4 hippogriffs
  14 porcupines
  4 ice beasts
  8 orc warriors
  5 water moccasins
  A black bear (D:7)
  A sky beast (D:7)
  2 wasps (D:12)
  A necrophage (D:10)
  7 ogres
  A phantom (D:9)
  4 centaurs
  6 wolves (Lair:2)
  10 crocodiles
  2 big kobolds
  21 giant frogs
  A wyvern skeleton (D:10)
  7 scorpions
  A water moccasin skeleton (D:4)
  22 killer bees
  11 wights
  3 vampire bats (D:4)
  2 howler monkeys (D:9)
  6 electric eels
  3 crimson imps
  A giant frog zombie (D:12)
  7 hounds
  2 jellies
  Crazy Yiuf (D:3)
  6 centaur skeletons
  5 orc priests
  12 orc wizards
  11 iguanas
  2 giant frog skeletons
  Natasha (thrice) (D:4)
  10 worker ants
  12 sheep
  A hound skeleton (D:6)
  A worker ant zombie (D:6)
  3 gnolls (D:10)
  17 adders
  79 river rats
  3 shadow imps
  A white imp (D:5)
  An adder skeleton (D:5)
  An adder zombie (D:10)
  A worm (D:2)
  3 dart slugs
  4 giant geckos
  53 orcs
  4 bat skeletons (D:4)
  2 bat zombies (D:4)
  5 giant cockroaches
  6 goblins
  8 hobgoblins
  13 jackals
  4 quokkas
  8 bats
  5 giant newts
  A goblin skeleton (D:5)
  2 goblin zombies (D:5)
  2 hobgoblin zombies (D:5)
  11 kobolds
  2 kobold zombies (D:5)
  2 orc skeletons (D:5)
  2 orc zombies (D:5)
  8 rats
  3 fungi
  6 plants
630 creatures vanquished.

Vanquished Creatures (others)
  A sky beast (D:9)
  5 fungi
  19 plants (Lair:6)
25 creatures vanquished.

Grand Total: 655 creatures vanquished

Notes
Turn   | Place    | Note
-------+----------+-------------------------------------------
     0 | D:1      | zxkuqyb the Gargoyle Berserker began the quest for the Orb.
     0 | D:1      | Reached XP level 1. HP: 14/14 MP: 1/1
    63 | D:1      | Reached XP level 2. HP: 5/19 MP: 2/2
    76 | D:1      | Reached skill level 3 in Axes
   452 | D:1      | Reached XP level 3. HP: 21/23 MP: 3/3
   457 | D:1      | Reached ** piety under Trog
   998 | D:2      | Reached XP level 4. HP: 27/29 MP: 4/4
  1227 | D:2      | Found a bloodstained altar of Trog.
  1676 | D:3      | Reached *** piety under Trog
  1847 | D:3      | Found a burning altar of Makhleb.
  2020 | D:3      | Found a runed door.
  2024 | D:3      | Noticed Crazy Yiuf
  2039 | D:3      | Killed Crazy Yiuf
  2039 | D:3      | Reached XP level 5. HP: 22/33 MP: 5/5
  2389 | D:4      | Reached skill level 4 in Axes
  2423 | D:4      | Found an ancient bone altar of Kikubaaqudgha.
  2449 | D:4      | Reached XP level 6. HP: 33/38 MP: 6/6
  2513 | D:4      | Noticed Thraspic's ghost (amateur TeCj)
  2528 | D:4      | Killed Thraspic's ghost
  2570 | D:4      | Reached XP level 7. HP: 12/44 MP: 7/7
  2893 | D:4      | Reached skill level 5 in Axes
  2910 | D:4      | Got a translucent chain mail
  2921 | D:4      | Identified the +3 chain mail of Elitism {*Contam Str+9} (You found it on level 4 of the Dungeon)
  3104 | D:4      | Noticed Natasha
  3114 | D:4      | Killed Natasha
  3124 | D:4      | Reached skill level 5 in Fighting
  3226 | D:4      | Noticed Natasha
  3230 | D:4      | Killed Natasha
  3356 | D:4      | Noticed Natasha
  3373 | D:4      | Killed Natasha
  3402 | D:5      | Entered Level 5 of the Dungeon
  3693 | D:5      | Reached **** piety under Trog
  3693 | D:5      | Reached XP level 8. HP: 46/49 MP: 8/8
  3747 | D:5      | Found a glowing golden altar of the Shining One.
  3822 | D:5      | Gained mutation: You have a pair of small horns on your head. [potion of mutation]
  3822 | D:5      | Gained mutation: Your spells are a little easier to cast, but a little less powerful. [potion of mutation]
  3822 | D:5      | Gained mutation: You are partially covered in large bone plates. (AC +2, SH +2) [potion of mutation]
  3823 | D:5      | Lost mutation: Your spells are a little easier to cast, but a little less powerful. [potion of mutation]
  3823 | D:5      | Gained mutation: You are resistant to hostile enchantments. (MR+) [potion of mutation]
  3954 | D:5      | Found a snail-covered altar of Cheibriados.
  4016 | D:5      | Reached skill level 6 in Axes
  4077 | D:5      | Found a staircase to the Ecumenical Temple.
  4079 | D:5      | Found a deep blue altar of Sif Muna.
  4083 | Temple   | Entered the Ecumenical Temple
  4346 | D:6      | Found a shattered altar of Ashenzari.
  4398 | D:6      | Found a shadowy altar of Dithmenos.
  4407 | D:6      | Reached skill level 5 in Armour
  4575 | D:6      | Found a sparkling altar of Nemelex Xobeh.
  4720 | D:6      | Found a burning altar of Makhleb.
  5019 | D:7      | Found Wamias's Armour Shoppe.
  5083 | D:7      | Found Emnuosue's Antique Armour Boutique.
  5151 | D:7      | Found Naxtutro's Book Shoppe.
  5188 | D:7      | Noticed a hand axe
  5188 | D:7      | Found a hide-covered altar of Uskayaw.
  5189 | D:7      | Noticed an enchanted hand axe
  5219 | D:7      | Gained mutation: You are partially covered in rugged brown scales. (AC +1, +3% HP) [mutagenic meat]
  5222 | D:7      | Gained mutation: Your movements are slightly less encumbered by armour. (ER -2) [mutagenic meat]
  5223 | D:7      | Found a hazy altar of Hepliaklqana.
  5331 | D:7      | Found Borghac's Armour Shop.
  5392 | D:7      | Reached skill level 7 in Axes
  5537 | D:7      | Reached XP level 9. HP: 46/57 MP: 9/9
  5571 | D:7      | Reached ***** piety under Trog
  5901 | D:8      | Found an oddly glowing altar of Pakellas.
  5974 | D:8      | Noticed Erica
  6008 | D:8      | Killed Erica
  6008 | D:8      | Reached skill level 8 in Axes
  6008 | D:8      | Reached skill level 5 in Dodging
  6602 | D:9      | Noticed a troll
  6614 | D:9      | Killed a troll
  6620 | D:9      | Found a bloodstained altar of Trog.
  6694 | D:9      | Reached XP level 10. HP: 63/64 MP: 10/10
  6736 | D:9      | Found a sacrificial altar of Ru.
  6870 | D:9      | Reached skill level 9 in Axes
  6986 | D:9      | Received a gift from Trog
  7384 | D:10     | Entered Level 10 of the Dungeon
  7433 | D:10     | Noticed a hill giant
  7442 | D:10     | Killed a hill giant
  7461 | D:10     | Noticed a tengu warrior
  7477 | D:10     | Killed a tengu warrior
  7479 | D:10     | Killed an unseen horror
  7516 | D:10     | Reached skill level 10 in Axes
  7540 | D:10     | Reached XP level 11. HP: 67/71 MP: 11/11
  7751 | D:10     | Got a brightly glowing trident
  7752 | D:10     | Identified the cursed +0 trident "Ogrebane" {antimagic, -Tele rElec rF+++ MR-} (You found it on level 10 of the Dungeon)
  7930 | D:10     | Noticed a hill giant
  7940 | D:10     | Killed a hill giant
  8325 | D:11     | Noticed a four-headed hydra
  8325 | D:11     | Noticed a centaur warrior
  8381 | D:10     | Killed a centaur warrior
  8385 | D:10     | Killed a four-headed hydra
  8467 | D:11     | Lost mutation: You are resistant to hostile enchantments. (MR+) [mutagenic meat]
  8470 | D:11     | Lost mutation: You are partially covered in rugged brown scales. (AC +1, +3% HP) [mutagenic meat]
  8473 | D:11     | Gained mutation: You have large cloven feet. [mutagenic meat]
  8487 | D:11     | Reached skill level 11 in Axes
  8679 | D:11     | Noticed a hill giant
  8686 | D:11     | Killed a hill giant
  8719 | D:11     | Reached skill level 10 in Fighting
  8719 | D:11     | Reached XP level 12. HP: 75/77 MP: 12/12
  8870 | D:11     | Found a staircase to the Lair.
  9266 | D:11     | Noticed Snorg
  9282 | D:11     | Killed Snorg
  9351 | D:11     | Received a gift from Trog
  9549 | Lair:1   | Entered Level 1 of the Lair of Beasts
  9615 | Lair:1   | Noticed Sonja
  9742 | Lair:1   | Killed Sonja
  9755 | Lair:1   | Gained mutation: You are partially covered in icy blue scales. (AC +1) [potion of mutation]
  9755 | Lair:1   | Gained mutation: You tend to lose your temper in combat. [potion of mutation]
  9755 | Lair:1   | Gained mutation: Your muscles are strong. (Str +2) [potion of mutation]
  9824 | Lair:1   | Reached skill level 10 in Armour
 10175 | Lair:1   | Reached skill level 12 in Axes
 10481 | Lair:2   | Lost mutation: You are partially covered in icy blue scales. (AC +1) [potion of cure mutation]
 10481 | Lair:2   | Lost mutation: You have large cloven feet. [potion of cure mutation]
 10481 | Lair:2   | Lost mutation: Your muscles are strong. (Str +2) [potion of cure mutation]
 10481 | Lair:2   | Lost mutation: You have a pair of small horns on your head. [potion of cure mutation]
 10481 | Lair:2   | Lost mutation: You tend to lose your temper in combat. [potion of cure mutation]
 10481 | Lair:2   | Lost mutation: Your movements are slightly less encumbered by armour. (ER -2) [potion of cure mutation]
 10652 | Lair:2   | Reached skill level 1 in Evocations
 11602 | Lair:3   | Noticed a four-headed hydra
 11614 | Lair:3   | Killed a four-headed hydra
 11614 | Lair:3   | Reached XP level 13. HP: 66/84 MP: 14/14
 12325 | Lair:4   | Found a staircase to the Shoals.
 12496 | Lair:4   | Found a hole to the Spider Nest.
 12578 | Lair:4   | Reached skill level 13 in Axes
 12894 | Lair:4   | Noticed rageheart7's ghost (journeyman DsGl)
 12921 | Lair:4   | Killed rageheart7's ghost
 13001 | Lair:5   | Identified a scroll of acquirement
 13002 | Lair:5   | Got a steaming turquoise ring
 13010 | Lair:5   | Received a gift from Trog
 13019 | Lair:5   | Identified the ring of the First Eyes {rF+ MR+} (You acquired it on level 5 of the Lair of Beasts)
 13087 | Lair:5   | Found a labyrinth entrance.
 13127 | Lab      | Entered a labyrinth
 13331 | Lab      | Noticed a minotaur
 13348 | Lab      | Killed a minotaur
 13383 | Lab      | Identified Sif Muna's Volume of Shifting Clay
 13404 | Lab      | Got an ancient robe
 13725 | Lair:5   | Noticed Nessos
 13742 | Lair:5   | Killed Nessos
 14141 | Lair:6   | Entered Level 6 of the Lair of Beasts
 14157 | Lair:6   | Found a viscous altar of Jiyva.
 14157 | Lair:6   | Found a staircase to the Slime Pits.
 14242 | Lair:6   | Received a gift from Trog
 14335 | Lair:6   | Gained mutation: Your large and strong wings let you fly indefinitely. [Gargoyle growth]
 14335 | Lair:6   | Reached XP level 14. HP: 91/91 MP: 5/17
 14428 | Lair:6   | Noticed Warped's ghost (journeyman DrBe)
 14448 | Lair:6   | Killed Warped's ghost
 14743 | Lair:6   | Received a gift from Trog
 14765 | Lair:6   | Reached skill level 14 in Axes
 14906 | Lair:6   | Reached skill level 5 in Evocations
 15497 | D:12     | Got a jewelled scale mail
 15498 | D:12     | Identified the +3 scale mail of Supple Strength {rF+ Str+2} (You found it on level 12 of the Dungeon)
 15844 | D:12     | Got a scorched double sword
 15845 | D:12     | Identified the +6 double sword "Muecsajo" {flame, rN+} (You found it on level 12 of the Dungeon)
 16148 | D:12     | Received a gift from Trog
 16201 | D:12     | Found a staircase to the Orcish Mines.
 16458 | Orc:1    | Entered Level 1 of the Orcish Mines
 16458 | Orc:1    | Found a roughly hewn altar of Beogh.
 16458 | Orc:1    | Found a roughly hewn altar of Beogh.
 16468 | Orc:1    | Annihilated by an ettin

Vault maps used:
D:1:      mrwooster_arrival_statue, minmay_misc_feat_diagonals, hex_tiny,
          minmay_pentomino_t4
D:2:      bloody_trog
D:3:      lemuel_doored_altar, minmay_misc_feat_nine_boxes, grunt_ministairs_9,
          uniq_crazy_yiuf_cottage
D:4:      kennysheep_vampire_church, first_bread, uniq_natasha
D:5:      nicolae_tso_besieged_by_evil, led_sif_book, cheibriados_altar_1,
          due_unseen_surprise
D:6:      nemelex_xobeh_ov_fountains_minmay, nicolae_dithmenos_shadow_blocks,
          cheibrodos_ashenzari_chains, makhleb_heckhound_becter
D:7:      old_forge, dancing_weapons_uskayaw, nicolae_overflow_crystal_walls,
          serial_shops, shop, shop_statue, shop, shop
D:8:      lemuel_crystal_altar, uniq_erica
D:9:      nicolae_ru_the_path_less_chosen, david_nohive_1, trog_butcher_becter
D:10:     kennysheep_blocky_room, kennysheep_generic_room_7
D:11:     minmay_ambush_box, lair_0_dummy, uniq_snorg
D:12:     david_orc_4, due_unseen_surprise
Temple:   nicolae_temple_figure_zero
Lair:1:   serial_bayou_pond_e, serial_bayou_shore_a, uniq_sonja
Lair:4:   elwin_shoals_entry_rooms, nicolae_spider_entry_tight_spaces
Lair:5:   lab_entry_generic, st_stairs_6, lemuel_fruit_tree, uniq_nessos
Lair:6:   minmay_lair_end_frog_pond, slime_altar_1,
          lightli_volcano_entry_magma_tube, serial_bayou_ford_a
Orc:1:    basic_altar, hangedman_feature_mirror
Lab:      labyrinth_watery, nicolae_lab_grate_2, nicolae_lab_swirl,
          nicolae_lab_dead_end, nicolae_lab_x, lab_hedge

Skill      XL: |  1  2  3  4  5  6  7  8  9 10 11 12 13 14 |
---------------+-------------------------------------------+-----
Axes           | 3 4 5 7 8 10 11 12 13 14 | 14.4
Dodging        | 2 3 4 5 6 7 8 9 |  9.8
Fighting       | 4 5 6 7 8 10 11 12 | 12.8
Armour         | 3 4 5 6 8 9 10 11 12 | 12.2
Evocations     | 2 4 5 |  5.9

Action                   |  1- 3 |  4- 6 |  7- 9 | 10-12 | 13-15 || total
-------------------------+-------+-------+-------+-------+-------++-------
Melee: Hand axe          |   119 |   181 |   405 |   184 |       ||   889
       Headbutt          |       |       |    87 |   166 |       ||   253
       War axe           |       |       |       |   468 |   217 ||   685
       Morningstar       |       |       |       |    20 |    64 ||    84
       Battleaxe         |       |       |       |       |   398 ||   398
Throw: Tomahawk          |       |       |       |     3 |       ||     3
       Javelin           |       |       |       |       |     2 ||     2
Invok: Berserk           |       |     1 |       |     3 |     3 ||     7
       Trog's Hand       |       |       |       |     1 |     5 ||     6
       Burn Spellbooks   |       |       |       |       |     1 ||     1
Evoke: Wand              |       |       |       |    12 |     7 ||    19
       Rod               |       |       |       |       |     1 ||     1
  Use: Scroll            |     1 |     1 |     7 |    14 |    14 ||    37
       Potion            |       |       |     2 |     2 |       ||     4
  Eat: Chunk             |       |     5 |    17 |    20 |    12 ||    54
       Beef jerky        |       |       |       |     4 |     1 ||     5
       Pizza             |       |       |       |       |     4 ||     4
       Fruit             |       |       |       |       |     2 ||     2
Armor: Animal skin       |    42 |       |       |       |       ||    42
       Leather armour    |    12 |     5 |       |       |       ||    17
       Ring mail         |       |   113 |       |       |       ||   113
       Chain mail        |       |     7 |   201 |   436 |   452 ||  1096
Dodge: Dodged            |    93 |   177 |   195 |   498 |   637 ||  1600
Block: Other             |       |       |    16 |    37 |    56 ||   109
